 Dungeon Crawl Stone Soup version 0.31-a0-557-g6e16503903 (webtiles) character file.

Game seed: 17058492709622414357

77 IdlyInterested the Trooper (level 4, 0/35 HPs)
             Began as a Demonspawn Fighter on Aug 16, 2023.
             Slain by a gnoll
             ... wielding a +0 halberd
              (4 damage)
             ... on level 3 of the Dungeon.
             The game lasted 00:05:54 (1983 turns).

IdlyInterested the Trooper (Demonspawn Fighter)     Turns: 1983, Time: 00:05:55

Health: 0/35       AC:  6    Str: 17    XL:     4   Next: 14%
Magic:  5/5        EV:  9    Int: 13    God:
Gold:   72         SH:  4    Dex: 14    Spells: 5/5 levels left

rFire   . . .        a - +0 long sword
rCold   . . .        c - +0 buckler
rNeg    . . .        b - +0 scale mail
rPois   .            (no helmet)
rElec   .            (no cloak)
rCorr   .            (no gloves)
SInv    .            (no boots)
Will    .....        (no amulet) Stlth
                     (no ring)
HPRegen 0.25/turn    (no ring)
MPRegen 0.09/turn

%: no passive effects
@: no status effects
A: big brain 2
a: no special abilities


You were on level 3 of the Dungeon.
You visited 1 branch of the dungeon, and saw 3 of its levels.

You collected 72 gold pieces.

Inventory:

Hand Weapons
 a - a +0 long sword (weapon)
 i - a +0 rapier
Missiles
 f - 15 stones (quivered)
 k - 6 poisoned darts
Armour
 b - a +0 scale mail (worn)
 c - a +0 buckler (worn)
Potions
 d - a potion of might
 e - a potion of brilliance
 h - 2 potions of curing


   Skills:
 - Level 3.0 Fighting
 - Level 1.7 Long Blades
 - Level 1.0 Axes
 - Level 1.0 Throwing
 + Level 2.8 Armour
 - Level 1.0 Dodging
 - Level 1.0 Stealth
 - Level 2.6 Shields
 - Level 1.0 Spellcasting
 - Level 1.0 Invocations
 - Level 1.0 Evocations
 - Level 1.0 Shapeshifting


You had 5 spell levels left.
You didn't know any spells.
Your spell library contained the following spells:

 Spells                   Type           Power      Damage    Failure   Level
 Magic Dart               Conj           0%         1d3       77%         1
 Ensorcelled Hibernation  Hex/Ice        0%         N/A       88%         2
 Passwall                 Tmut/Erth      0%         N/A       88%         2
 Searing Ray              Conj           0%         2d4       88%         2
 Swiftness                Air            0%         N/A       98%         3
 Anguish                  Hex/Necr       0%         N/A       100%        4
 Fulminant Prism          Conj/Hex       0%         3d5       100%        4


Dungeon Overview and Level Annotations

Branches:
Dungeon (3/15)

Altars:
Sif Muna
Vehumet


Innate Abilities, Weirdness & Mutations

You have an extremely huge brain. (Int +4)


Message History

The ball python constricts you. You block the ball python's attack.
The ball python constricts you.
You slash the ball python!
You kill the ball python!
You see here a ball python corpse.
A gnoll comes into view. It is wielding a +0 halberd.
A gnoll comes into view. It is wielding a +0 flail.
The gnoll shouts!
A gnoll comes into view. It is wielding a +0 spear.
The gnoll shouts!
A gnoll comes into view. It is wielding a +0 halberd.
The gnoll misses you. You block the gnoll's attack.
You block the gnoll's attack. x2
The gnoll attacks as you move away! The gnoll closely misses you.
The gnoll hits you from afar with a +0 spear.
The gnoll attacks as you move away! The gnoll hits you with a +0 flail.
You hit the gnoll.
The gnoll is heavily wounded.
The gnoll barely misses you.
You hit the gnoll.
The gnoll is heavily wounded.
The gnoll hits you from afar with a +0 spear.
The gnoll hits you with a +0 flail. x2
You barely miss the gnoll.
The gnoll is heavily wounded.
The gnoll hits you from afar with a +0 halberd!
The gnoll hits you with a +0 flail.
* * * LOW HITPOINT WARNING * * *
You closely miss the gnoll.
The gnoll is heavily wounded.
The gnoll hits you with a +0 flail.
* * * LOW HITPOINT WARNING * * *
The gnoll hits you from afar with a +0 halberd.
* * * LOW HITPOINT WARNING * * *
Unknown command.
You slash the gnoll!
You kill the gnoll!
The gnoll hits you from afar with a +0 halberd.
You die...

#..≈≈.≈≈........?.....
#..≈≈_≈≈..............
#..≈≈≈≈≈.........g....
#...≈≈≈..#####.#g.....
#........# #g#......
#....†..## #g#......
###.##### #g# #####
#..# #)# ##.# #####@#
#.# #<..#.#
#.#######.#.#
#.........#.#
#############


You could see 3 gnolls.

Vanquished Creatures
  Terence (D:2)
  A gnoll (D:3)
  3 worms (D:2)
  5 endoplasms
  A giant cockroach (D:2)
  3 goblins
  4 hobgoblins
  7 jackals
  4 ball pythons
  3 bats
  2 frilled lizards (D:2)
  5 kobolds (D:1)
  4 rats
43 creatures vanquished.

Notes
Turn   | Place    | Note
-------+----------+-------------------------------------------
     0 | D:1      | IdlyInterested the Demonspawn Fighter began the quest for
                  | the Orb.
     0 | D:1      | Reached XP level 1. HP: 18/18 MP: 1/1
   103 | D:1      | Reached skill level 1 in Axes
   165 | D:1      | Reached skill level 1 in Throwing
   165 | D:1      | Gained mutation: You have an unusually large brain. (Int
                  | +2) [demonic ancestry]
   165 | D:1      | Reached XP level 2. HP: 20/24 MP: 2/2
   342 | D:1      | Reached skill level 1 in Dodging
   486 | D:1      | Found a faded altar of an unknown god.
   509 | D:1      | Reached skill level 1 in Stealth
  1053 | D:2      | Reached XP level 3. HP: 29/29 MP: 3/3
  1058 | D:2      | Found a shimmering blue altar of Sif Muna.
  1217 | D:2      | Reached skill level 1 in Shapeshifting
  1439 | D:2      | Noticed Terence
  1447 | D:2      | Killed Terence
  1448 | D:2      | Reached skill level 1 in Evocations
  1448 | D:2      | Reached skill level 1 in Invocations
  1448 | D:2      | Reached skill level 1 in Spellcasting
  1448 | D:2      | Gained mutation: You have an extremely huge brain. (Int +4)
                  | [demonic ancestry]
  1448 | D:2      | Reached XP level 4. HP: 15/35 MP: 3/5
  1954 | D:3      | Found a radiant altar of Vehumet.
  1983 | D:3      | Slain by a gnoll

Illustrated notes

Levels and vault maps discovered:
D:1:      sevenhm_arrival_forest_fort_small_4, layout_loops_corners,
          shapermc_ecumenical_altar_totnotflames
D:2:      layout_basic, minmay_hexomino_r4, uniq_terence
D:3:      layout_basic, mainiacjoe_overflow_catwalk,
          mainiacjoe_overflow_brackets, grunt_gozag_statues, uniq_natasha,
          uniq_crazy_yiuf_cottage

Skill      XL: |  1  2  3 |
---------------+----------+-----
Axes           | 1 |  1.0
Throwing       | 1 |  1.0
Dodging        | 1 |  1.0
Stealth        | 1 |  1.0
Shapeshifting  | 1 |  1.0
Evocations     | 1 |  1.0
Invocations    | 1 |  1.0
Spellcasting   | 1 |  1.0
Fighting       | |  3.0
Long Blades    | |  1.7
Armour         | |  2.8
Shields        | |  2.6

Action                     |  1- 3 |  4- 6 || total
---------------------------+-------+-------++-------
  Melee: Long sword        |   112 |    19 ||   131
  Throw: Stone             |     3 |       ||     3
    Use: Scroll            |     3 |     2 ||     5
         Potion            |     1 |     1 ||     2
 Armour: Scale mail        |    56 |     4 ||    60
  Dodge: Dodged            |    62 |     6 ||    68
  Block: Buckler           |    27 |     5 ||    32

Table legend: (Time is in decaauts)
 A = Elapsed time spent in this place.
 B = Non-inter-level travel time spent in this place.
 C = Inter-level travel time spent in this place.
 D = Time resting spent in this place.
 E = Time spent auto-exploring this place.
 F = Levels seen in this place.
 G = Mean time per level.
                   A        B        C        D        E       F      G
               +--------+--------+--------+--------+--------+-----+--------+
         Total |   2044 |   1913 |    131 |     99 |   1408 |   3 |  681.3 |
       Dungeon |   2044 |   1913 |    131 |     99 |   1408 |   3 |  681.3 |
               +--------+--------+--------+--------+--------+-----+--------+

Top non-repeatable levels by time:
     D:1: 1066 daAuts
     D:2: 922 daAuts
     D:3: 55 daAuts
